[Event "2023 Mary Thomson Cup (Division A)"]
[Site "Woodvale, Perth WA AUS"]
[Date "2023.03.08"]
[Round "6"]
[White "Laubbacher, Jamie"]
[Black "Gibson, Jacob"]
[Result "0-1"]
[ECO "D31"]
[WhiteElo "2179"]
[BlackElo "1964"]
[PlyCount "66"]
[EventDate "2023.02.01"]
[EventType "tourn"]
[EventRounds "7"]
[EventCountry "AUS"]
[TimeControl "3600+30"]

1. d4 d5 2. c4 e6 3. Nc3 c6 4. e4 dxe4 5. Nxe4 Bb4+ 6. Nc3 Nf6 7. Bg5 Bxc3+ 8.
bxc3 Qa5 9. Nf3 Qxc3+ 10. Bd2 Qa3 11. Rb1 c5 12. Qc2 Nc6 13. Rb3 Qa4 14. dxc5
O-O 15. Bd3 h6 16. O-O Nd7 17. Qc1 Nxc5 18. Bxh6 f6 19. Bb1 Nxb3 20. Qc2 f5 21.
axb3 Qb4 22. Bd2 Qd6 23. Rd1 Qe7 24. Bg5 Qf7 25. Rd6 e5 26. Qc3 e4 27. Nd2 Qh5
28. Qg3 Qd1+ 29. Nf1 Nd4 30. Rxd4 Qxd4 31. c5 Be6 32. Be3 Qb2 33. Qd6 Bxb3 0-1

[Event "2023 Mary Thomson Cup (Division A)"]
[Site "Woodvale, Perth WA AUS"]
[Date "2023.03.08"]
[Round "6"]
[White "Maggs, Derwent"]
[Black "O'Shaughnessy, Dave"]
[Result "1-0"]
[ECO "A42"]
[WhiteElo "2307"]
[BlackElo "1986"]
[PlyCount "189"]
[EventDate "2023.02.01"]
[EventType "tourn"]
[EventRounds "7"]
[EventCountry "AUS"]
[TimeControl "3600+30"]

1. d4 d6 2. c4 e6 3. e4 g6 4. Nc3 Bg7 5. Be3 Ne7 6. Qd2 h6 7. Be2 Nd7 8. Nf3 b6
9. O-O Bb7 10. Ne1 a6 11. f4 f5 12. e5 d5 13. cxd5 Nxd5 14. Nxd5 Bxd5 15. Bf3
Nb8 16. Rc1 Ra7 17. Nd3 Bf8 18. a3 Bxf3 19. Rxf3 Qd5 20. Nf2 Nc6 21. Qc2 Ne7
22. Nd1 Qd7 23. Bf2 Nd5 24. Ne3 Nxe3 25. Rxe3 Rh7 26. Rc3 Qd5 27. Rc4 Rd7 28.
Rc3 Be7 29. Qe2 Bd8 30. Qe3 Kf7 31. Rc6 Rb7 32. b4 Ra7 33. a4 a5 34. b5 Rb7 35.
Qg3 Kg7 36. h4 h5 37. R1c4 Re7 38. Be3 Rd7 39. Bc1 Be7 40. Kh2 Kf7 41. Qc3 Bb4
42. Qc2 Be7 43. Bb2 Bd8 44. Kg3 Ra7 45. Ba3 Rb7 46. Qf2 Kg7 47. Kh3 Ra7 48. Qg3
Ra8 49. Rc2 Rb8 50. Bb2 Ra8 51. Rd2 Rb8 52. Qf3 Kf7 53. Qf2 Kg7 54. Bc3 Kf7 55.
Qe3 Ra8 56. Kh2 Bxh4 57. Qh3 Be7 58. Rd3 Qe4 59. Qf3 Qxf3 60. gxf3 Rd5 61. Rxc7
Rb8 62. Bb2 Ke8 63. Rd2 Rd7 64. Rc6 Kf7 65. Rdc2 Bd8 66. Rd6 Rxd6 67. exd6 Ke8
68. Ba3 Rb7 69. Re2 Kf7 70. Rc2 Ke8 71. d5 exd5 72. Rd2 Kf7 73. Rxd5 Ke6 74.
Re5+ Kf7 75. Re2 Rd7 76. Rc2 Ke6 77. Rc6 Kd5 78. Kg2 Rb7 79. Bb2 Rd7 80. Be5
Ke6 81. Kf2 Rh7 82. Rc8 Rd7 83. Ke3 Kd5 84. Rc1 g5 85. Rd1+ Ke6 86. Kd4 g4 87.
fxg4 fxg4 88. Ke4 Rf7 89. Rf1 Rf5 90. Rg1 Rf7 91. Rg2 Bf6 92. f5+ Kd7 93. Bf4
Bc3 94. Rh2 Rh7 95. Rc2 1-0

[Event "2023 Mary Thomson Cup (Division A)"]
[Site "Woodvale, Perth WA AUS"]
[Date "2023.03.08"]
[Round "6"]
[White "Lakner, Jay"]
[Black "Davoll, Josh"]
[Result "1-0"]
[ECO "D36"]
[WhiteElo "2123"]
[BlackElo "1927"]
[PlyCount "41"]
[EventDate "2023.02.01"]
[EventType "tourn"]
[EventRounds "7"]
[EventCountry "AUS"]
[TimeControl "3600+30"]

1. c4 e6 2. Nc3 d5 3. d4 Nf6 4. cxd5 exd5 5. Bg5 Be7 6. e3 h6 7. Bh4 O-O 8. Bd3
c6 9. Qc2 Re8 10. Nge2 b5 11. O-O a5 12. a4 b4 13. Nb1 Ne4 14. Bxe7 Qxe7 15.
Bxe4 Qxe4 16. Qxe4 dxe4 17. Rc1 Ba6 18. Ng3 g6 19. Nd2 f5 20. Rc5 Bd3 21. Nb3
1-0

[Event "2023 Mary Thomson Cup (Division B)"]
[Site "Woodvale, Perth WA AUS"]
[Date "2023.03.08"]
[Round "6"]
[White "De Yaak, Peter"]
[Black "Curthoys, Edward"]
[Result "1/2-1/2"]
[ECO "D04"]
[WhiteElo "1892"]
[BlackElo "1826"]
[PlyCount "54"]
[EventDate "2023.02.01"]
[EventType "tourn"]
[EventRounds "7"]
[EventCountry "AUS"]
[TimeControl "3600+30"]

1. d4 Nf6 2. Nf3 d5 3. e3 Bg4 4. c4 e6 5. h3 Bh5 6. g4 Bg6 7. Ne5 Bd6 8. Nxg6
hxg6 9. Nc3 Bb4 10. Bd2 Nbd7 11. cxd5 exd5 12. Bg2 c6 13. Qb3 Bxc3 14. bxc3 b5
15. a4 a6 16. Bc1 Nb6 17. axb5 axb5 18. Rxa8 Qxa8 19. Qb4 Nc4 20. O-O Qa5 21.
Qxa5 Nxa5 22. Ba3 Kd7 23. Bb4 Nc4 24. Ra1 Rc8 25. Ra7+ Rc7 26. Ra8 Rc8 27. Ra7+
Rc7 1/2-1/2

[Event "2023 Mary Thomson Cup (Division B)"]
[Site "Woodvale, Perth WA AUS"]
[Date "2023.03.08"]
[Round "6"]
[White "Mechlowski, Lennard"]
[Black "Leonhardt, Wolfgang"]
[Result "1-0"]
[ECO "D06"]
[WhiteElo "1805"]
[BlackElo "1778"]
[PlyCount "83"]
[EventDate "2023.02.01"]
[EventType "tourn"]
[EventRounds "7"]
[EventCountry "AUS"]
[TimeControl "3600+30"]

1. Nf3 d5 2. d4 Nf6 3. e3 Bf5 4. c4 e6 5. Nc3 Be7 6. Be2 O-O 7. O-O Nbd7 8. Nh4
Be4 9. f3 Bf5 10. Nxf5 exf5 11. cxd5 Bb4 12. Qb3 Bxc3 13. bxc3 Re8 14. Bd3 Nb6
15. c4 c6 16. dxc6 bxc6 17. Bxf5 Rb8 18. Qc2 g6 19. Bd3 Kg7 20. Bd2 Rc8 21.
Rfe1 Qd7 22. Bc3 Kg8 23. e4 Nh5 24. c5 Na8 25. Qd2 Nc7 26. Bc4 Ne6 27. Bxe6
fxe6 28. Rab1 Ng7 29. a4 e5 30. d5 cxd5 31. Qxd5+ Qxd5 32. exd5 Rxc5 33. Bxe5
Rxd5 34. Bxg7 Rxe1+ 35. Rxe1 Kxg7 36. Re7+ Kf6 37. Rxa7 h5 38. a5 Rd1+ 39. Kf2
Rd2+ 40. Kg3 g5 41. a6 Ra2 42. Ra8 1-0

[Event "2023 Mary Thomson Cup (Division B)"]
[Site "Woodvale, Perth WA AUS"]
[Date "2023.03.08"]
[Round "6"]
[White "List, Ross"]
[Black "Janceski, Alex"]
[Result "0-1"]
[ECO "A10"]
[WhiteElo "1773"]
[BlackElo "1870"]
[PlyCount "130"]
[EventDate "2023.02.01"]
[EventType "tourn"]
[EventRounds "7"]
[EventCountry "AUS"]
[TimeControl "3600+30"]

1. c4 b6 2. Nf3 Bb7 3. g3 g6 4. Bg2 Bg7 5. O-O d6 6. Nc3 e5 7. d3 Nd7 8. e4
Ngf6 9. h3 O-O 10. Bg5 c6 11. Qd2 Re8 12. d4 exd4 13. Nxd4 Qc7 14. Nc2 Nc5 15.
Rfe1 Ne6 16. Be3 Rad8 17. Rad1 Bf8 18. f4 Ng7 19. Qf2 Bc8 20. Bd4 Nd7 21. Qf3
Ne6 22. Bf2 Be7 23. g4 f6 24. Bg3 Bb7 25. Rd2 Bf8 26. Red1 Ng7 27. Ne3 a6 28.
a4 Ne6 29. Qf2 Ng7 30. h4 Bc8 31. Qf3 Bb7 32. Bh3 a5 33. g5 fxg5 34. hxg5 Ba6
35. Bf1 Nh5 36. Bh2 Be7 37. Ng4 Rf8 38. Nh6+ Kh8 39. Qe3 Ng7 40. Rf2 d5 41.
cxd5 Bc5 42. Qd2 Bxf1 43. Rdxf1 Bxf2+ 44. Rxf2 Nc5 45. f5 Qd7 46. f6 Nh5 47.
Qd4 cxd5 48. f7+ Ng7 49. Be5 Nce6 50. Qxb6 Nxg5 51. exd5 Nxf7 52. Qf6 Nxh6 53.
Qxf8+ Rxf8 54. Rxf8+ Ng8 55. Rf2 h6 56. d6 Kh7 57. Re2 Ne8 58. Ne4 Qg4+ 59. Kf1
Qf5+ 60. Nf2 Ngf6 61. Ke1 Nd7 62. Bh2 Nef6 63. Kd2 Qd5+ 64. Nd3 Ne4+ 65. Kc2
Qc4+ 0-1

[Event "2023 Mary Thomson Cup (Division B)"]
[Site "Woodvale, Perth WA AUS"]
[Date "2023.03.08"]
[Round "6"]
[White "Barry, David"]
[Black "Clarke, Daniel"]
[Result "1/2-1/2"]
[ECO "C83"]
[WhiteElo "1895"]
[BlackElo "1854"]
[PlyCount "61"]
[EventDate "2023.02.01"]
[EventType "tourn"]
[EventRounds "7"]
[EventCountry "AUS"]
[TimeControl "3600+30"]

1. e4 e5 2. Nf3 Nc6 3. Bb5 a6 4. Ba4 Nf6 5. O-O Nxe4 6. d4 b5 7. Bb3 d5 8. dxe5
Be6 9. Be3 Be7 10. c3 Nc5 11. Bc2 Nd7 12. Bf4 g5 13. Bg3 h5 14. h3 h4 15. Bh2
g4 16. Nd4 Nxd4 17. cxd4 gxh3 18. g3 hxg3 19. Bxg3 Bh4 20. Kh2 Bxg3+ 21. fxg3
c5 22. Bf5 Qb6 23. dxc5 Qxc5 24. Bxe6 fxe6 25. Nc3 Rc8 26. Qg4 Qe7 27. Qg6+ Kd8
28. Rf7 Nxe5 29. Rxe7 Nxg6 30. Rxe6 Ne7 31. a3 1/2-1/2

[Event "2023 Mary Thomson Cup (Division C)"]
[Site "Woodvale, Perth WA AUS"]
[Date "2023.03.08"]
[Round "6"]
[White "Hintz, Steven"]
[Black "Garang, Kuol Awan"]
[Result "0-1"]
[ECO "A41"]
[WhiteElo "1606"]
[BlackElo "1619"]
[PlyCount "58"]
[EventDate "2023.02.01"]
[EventType "tourn"]
[EventRounds "7"]
[EventCountry "AUS"]
[TimeControl "3600+30"]

1. Nf3 d6 2. d4 Bg4 3. e3 Nd7 4. Be2 f6 5. h3 Bh5 6. b3 e5 7. dxe5 fxe5 8. Bb2
Ngf6 9. c4 c6 10. Nc3 e4 11. Nd4 Bxe2 12. Ndxe2 Nc5 13. Nc1 d5 14. cxd5 cxd5
15. b4 Qb6 16. a3 a5 17. b5 Rd8 18. a4 Qe6 19. N3e2 Bd6 20. O-O O-O 21. Qd2 Bc7
22. Bd4 b6 23. Rd1 Nh5 24. Nc3 Qd6 25. g3 Nd3 26. Nxd3 exd3 27. Qe1 Qg6 28. Kh2
Rxf2+ 29. Qxf2 Bxg3+ 0-1

[Event "2023 Mary Thomson Cup (Division C)"]
[Site "Woodvale, Perth WA AUS"]
[Date "2023.03.08"]
[Round "6"]
[White "De Vas, Yonal"]
[Black "Bhatia, Abhay"]
[Result "1-0"]
[ECO "E05"]
[WhiteElo "1739"]
[BlackElo "1625"]
[PlyCount "65"]
[EventDate "2023.02.01"]
[EventType "tourn"]
[EventRounds "7"]
[EventCountry "AUS"]
[TimeControl "3600+30"]

1. d4 d5 2. c4 e6 3. g3 Nf6 4. Bg2 Be7 5. Nf3 dxc4 6. Qc2 Nc6 7. Qxc4 O-O 8.
O-O Bd7 9. Ne5 Na5 10. Qc2 Bb5 11. Rd1 c6 12. Nc3 Ba6 13. e4 Qc7 14. f4 Rad8
15. Be3 b5 16. Bf1 Qb7 17. a3 Qb6 18. Bf2 Bd6 19. b4 Nb7 20. d5 c5 21. Nc6 Ng4
22. Nxd8 Nxf2 23. Qxf2 Rxd8 24. e5 Bf8 25. d6 Qc6 26. Bg2 Qc8 27. Bxb7 Qxb7 28.
bxc5 Qc6 29. Rd4 Bb7 30. Ne4 f5 31. exf6 g5 32. f7+ Kg7 33. fxg5 1-0

[Event "2023 Mary Thomson Cup (Division C)"]
[Site "Woodvale, Perth WA AUS"]
[Date "2023.03.08"]
[Round "6"]
[White "Oswald, Franz"]
[Black "Browning, Thomas"]
[Result "0-1"]
[ECO "E70"]
[WhiteElo "1620"]
[BlackElo "1601"]
[PlyCount "84"]
[EventDate "2023.02.01"]
[EventType "tourn"]
[EventRounds "7"]
[EventCountry "AUS"]
[TimeControl "3600+30"]

1. d4 Nf6 2. c4 g6 3. Nc3 Bg7 4. e4 O-O 5. Be3 c6 6. h3 d5 7. e5 Ne4 8. cxd5
Nxc3 9. bxc3 Qxd5 10. Nf3 Bf5 11. Bd3 Be6 12. O-O f6 13. c4 Qd7 14. Kh2 fxe5
15. Nxe5 Bxe5+ 16. dxe5 Qc7 17. f4 c5 18. Qc2 Bf5 19. Bxf5 Rxf5 20. Qf2 b6 21.
g4 Rf8 22. Qg3 Nc6 23. h4 e6 24. h5 Rae8 25. Qh4 Kg7 26. Kg2 Nd4 27. Rh1 Qc6+
28. Kh3 Qf3+ 29. Qg3 Qxg3+ 30. Kxg3 Nc2 31. Kf3 Nxa1 32. Rxa1 Rd8 33. Ke2 Rd7
34. h6+ Kg8 35. Rf1 Rfd8 36. f5 exf5 37. gxf5 gxf5 38. Rxf5 Rf7 39. Rg5+ Kf8
40. Rg4 Ke8 41. Re4 Rf8 42. Bg5 Rd4 0-1

[Event "2023 Mary Thomson Cup (Division D)"]
[Site "Woodvale, Perth WA AUS"]
[Date "2023.03.08"]
[Round "6"]
[White "Michael, Ashley"]
[Black "Leech, Martin"]
[Result "1-0"]
[ECO "C02"]
[WhiteElo "1540"]
[BlackElo "1424"]
[PlyCount "61"]
[EventDate "2023.02.01"]
[EventType "tourn"]
[EventRounds "7"]
[EventCountry "AUS"]
[TimeControl "3600+30"]

1. e4 e6 2. d4 d5 3. e5 c5 4. c3 Ne7 5. Nf3 Nec6 6. dxc5 Bxc5 7. b4 Be7 8. Bd3
b6 9. Qe2 O-O 10. h4 h6 11. b5 Na5 12. Ba3 Nd7 13. Bxe7 Qxe7 14. g4 Nc5 15. Bc2
Bb7 16. Nbd2 Rac8 17. Rh3 Ne4 18. Nxe4 dxe4 19. Bxe4 Bxe4 20. Qxe4 Rxc3 21. Ng5
hxg5 22. Rxc3 gxh4 23. Rac1 Qd7 24. a4 f5 25. gxf5 exf5 26. Qxh4 Qe6 27. f4 Nb7
28. Rh3 Nc5 29. Rd1 Rf6 30. Rd6 Rh6 31. Qd8+ 1-0

[Event "2023 Mary Thomson Cup (Division D)"]
[Site "Woodvale, Perth WA AUS"]
[Date "2023.03.08"]
[Round "6"]
[White "Weijermars, Tristan"]
[Black "Boswarva, Ernest"]
[Result "1/2-1/2"]
[ECO "A00"]
[WhiteElo "1520"]
[BlackElo "1519"]
[PlyCount "54"]
[EventDate "2023.02.01"]
[EventType "tourn"]
[EventRounds "7"]
[EventCountry "AUS"]
[TimeControl "3600+30"]

1. Nc3 d5 2. e4 d4 3. Nce2 e5 4. Nf3 Bd6 5. Ng3 Ne7 6. Bc4 O-O 7. d3 Be6 8.
Bxe6 fxe6 9. Bd2 Ng6 10. Ng5 Qf6 11. O-O Nf4 12. Nf3 Nd7 13. Ne2 Nxg2 14. Kxg2
Qxf3+ 15. Kg1 Qg4+ 16. Ng3 Rf3 17. Kh1 Raf8 18. Rg1 Qh4 19. Nf5 R8xf5 20. exf5
e4 21. Rg2 Rxf2 22. Qg1 Rxg2 23. Qxg2 exf5 24. Rg1 g6 25. Bg5 Qh5 26. dxe4 fxe4
27. Re1 Bxh2 1/2-1/2

[Event "2023 Mary Thomson Cup (Division E)"]
[Site "Woodvale, Perth WA AUS"]
[Date "2023.03.15"]
[Round "6"]
[White "Hounsome, David"]
[Black "Maujean, Jean Michel"]
[Result "0-1"]
[ECO "A01"]
[WhiteElo "1393"]
[BlackElo "1307"]
[PlyCount "60"]
[EventDate "2023.02.01"]
[EventType "tourn"]
[EventRounds "7"]
[EventCountry "AUS"]
[TimeControl "3600+30"]

1. b3 e5 2. Bb2 Nc6 3. e3 d5 4. Bb5 Bd6 5. f4 Qe7 6. Nf3 f6 7. fxe5 fxe5 8.
Nxe5 Qg5 9. O-O Bxe5 10. Nc3 Bg4 11. Qe1 Nge7 12. d4 Bf6 13. Qg3 O-O-O 14. Rf4
h5 15. Raf1 Bd7 16. Bxc6 Nxc6 17. Qf2 Rde8 18. Nd1 Qg6 19. Nc3 Bg5 20. Rf3 Bg4
21. Rg3 Bh4 22. Nxd5 Bxg3 23. Qxg3 Qd6 24. Qxd6 cxd6 25. Rf7 Be6 26. Rxg7 Bxd5
27. c4 Rhg8 28. Rxg8 Bxg8 29. Bc1 Nb4 30. a4 Nc2 0-1

[Event "2023 Mary Thomson Cup (Division E)"]
[Site "Woodvale, Perth WA AUS"]
[Date "2023.03.08"]
[Round "6"]
[White "De Vas, Senudi"]
[Black "Wu, Kobe"]
[Result "0-1"]
[ECO "D14"]
[WhiteElo "1247"]
[BlackElo "1289"]
[PlyCount "118"]
[EventDate "2023.02.01"]
[EventType "tourn"]
[EventRounds "7"]
[EventCountry "AUS"]
[TimeControl "3600+30"]

1. d4 d5 2. c4 c6 3. cxd5 cxd5 4. Nc3 Nf6 5. Nf3 Nc6 6. Bf4 Bf5 7. e3 e6 8. Bd3
Ne4 9. Nb5 Bb4+ 10. Ke2 Rc8 11. a3 Ba5 12. b4 Bb6 13. Bxe4 dxe4 14. Nd2 O-O 15.
Rc1 a5 16. bxa5 Bxa5 17. Nd6 Ra8 18. Nxb7 Qe7 19. Nxa5 Nxa5 20. Nb1 Qa7 21. Ke1
Qa6 22. Qe2 Qd3 23. Rd1 Qb3 24. g4 Bg6 25. h4 h6 26. h5 Bh7 27. g5 hxg5 28.
Bxg5 Rab8 29. Nd2 Qxa3 30. h6 g6 31. Nxe4 Qb4+ 32. Qd2 Qxd2+ 33. Rxd2 f5 34.
Nf6+ Kh8 35. Nd7 Rb1+ 36. Rd1 Rxd1+ 37. Kxd1 Rc8 38. Bf6+ Kg8 39. Ne5 Nb3 40.
Ke2 Rc2+ 41. Kf3 Nd2+ 42. Kf4 Ne4 43. Bh4 g5+ 44. Bxg5 Rxf2+ 45. Nf3 Nxg5 46.
Rg1 Rxf3+ 47. Ke5 Rxe3+ 48. Kf6 f4 49. Ke7 Rg3 50. Rc1 Bf5 51. Rc8+ Kh7 52. Kf6
Ne4+ 53. Kf7 Nd6+ 54. Kf6 Nxc8 55. Ke5 f3 56. Kf4 f2 57. Kxg3 f1=Q 58. Kh2 Qf2+
59. Kh1 Be4# 0-1

[Event "2023 Mary Thomson Cup (Division F)"]
[Site "Woodvale, Perth WA AUS"]
[Date "2023.03.08"]
[Round "6"]
[White "Bordas, Lindsay"]
[Black "Gough, Sebastian"]
[Result "1-0"]
[ECO "B11"]
[WhiteElo "1056"]
[BlackElo "1080"]
[PlyCount "63"]
[EventDate "2023.02.01"]
[EventType "swiss"]
[EventRounds "7"]
[EventCountry "AUS"]
[TimeControl "3600+30"]

1. e4 c6 2. Nf3 d5 3. Nc3 Bg4 4. Be2 e6 5. O-O dxe4 6. Nxe4 Nf6 7. d3 h6 8. Ne5
Bxe2 9. Qxe2 Nxe4 10. dxe4 Nd7 11. Rd1 Nxe5 12. Rxd8+ Rxd8 13. Bf4 Ng6 14. Bc7
Rd7 15. Bg3 Be7 16. Rd1 Rxd1+ 17. Qxd1 Bf6 18. Qd6 a6 19. Qb8+ Ke7 20. Qc7+ Ke8
21. Bd6 Be7 22. e5 Bxd6 23. exd6 {At this point, Black illegally castled. The
position after 23...O-O will instead be reached using a series of moves.} Kf8
24. Kh1 Kg8 25. Kg1 Kh7 26. Kh1 Rf8 27. Kg1 Kg8 {The position after 23...O-O
has been reached.} 28. d7 Ne7 29. d8=Q Nd5 30. Qxf8+ Kxf8 31. Qd6+ Ke8 32. Qb8+
Ke7 33. Qxb7+ Kd6 34. Qxf7 g5 35. Qf8+ Ne7 36. Qxh6 1-0

[Event "2023 Mary Thomson Cup (Division F)"]
[Site "Woodvale, Perth WA AUS"]
[Date "2023.03.08"]
[Round "6"]
[White "Frankland, David"]
[Black "Young, Manfred"]
[Result "1-0"]
[ECO "B00"]
[WhiteElo "1047"]
[BlackElo "1171"]
[PlyCount "105"]
[EventDate "2023.02.01"]
[EventType "swiss"]
[EventRounds "7"]
[EventCountry "AUS"]
[TimeControl "3600+30"]

1. e4 Nc6 2. d4 d5 3. e5 Be6 4. c3 Qd7 5. h3 O-O-O 6. Na3 f6 7. f4 fxe5 8. fxe5
Bf5 9. Bd3 g6 10. g4 Bxd3 11. Qxd3 e6 12. b4 a6 13. Nc2 Na7 14. Nf3 Re8 15. O-O
Bh6 16. g5 Bg7 17. c4 Ne7 18. Rb1 dxc4 19. Qxc4 Nec6 20. a4 b5 21. axb5 axb5
22. Qa2 Kb7 23. Ra1 Bf8 24. Qa6+ Ka8 25. Bd2 Rb8 26. Nh4 Rb6 27. Qa3 Kb7 28.
Be3 Qd5 29. Rf4 Be7 30. Nf3 Rf8 31. Rxf8 Bxf8 32. Kf2 Qc4 33. Qa2 Qxa2 34. Rxa2
Nxb4 35. Nxb4 Bxb4 36. d5 Be7 37. Bxb6 Kxb6 38. dxe6 c5 39. h4 c4 40. Ke1 Bc5
41. Rd2 b4 42. Rc2 Kb5 43. Kd1 b3 44. Rb2 Kb4 45. e7 Bxe7 46. Nd4 c3 47. Rxb3+
Kc4 48. Rb7 Bc5 49. e6 Kd3 50. Nc2 Nc6 51. Rd7+ Nd4 52. Rxd4+ Bxd4 53. e7 1-0

[Event "2023 Mary Thomson Cup (Division F)"]
[Site "Woodvale, Perth WA AUS"]
[Date "2023.03.08"]
[Round "6"]
[White "Markou, Victor"]
[Black "Rennie, Mike"]
[Result "1/2-1/2"]
[ECO "C44"]
[WhiteElo "1070"]
[BlackElo "869"]
[PlyCount "104"]
[EventDate "2023.02.01"]
[EventType "swiss"]
[EventRounds "7"]
[EventCountry "AUS"]
[TimeControl "3600+30"]

1. e4 e5 2. Nf3 d6 3. g3 Nc6 4. d3 Nf6 5. Bg2 d5 6. Nbd2 Bc5 7. O-O dxe4 8. Re1
Ng4 9. Nxe4 Bb4 10. c3 Be7 11. h3 Nf6 12. d4 Bf5 13. dxe5 Bxe4 14. exf6 Qxd1
15. Rxd1 Bxf6 16. Re1 {Here it appears that Black castled by moving the king
to f8 and the h8 rook to e8. White replied with Bf4; this move is shown in
three steps to transpose to the position after 17. Bf4} O-O 17. Bd2 Rfe8 18.
Be3 Kf8 19. Bf4 {The position after 16...O-O 17. Bf4 has been reached.} Rac8
20. Nd2 Bxg2 21. Kxg2 Be5 22. Bxe5 Nxe5 23. Nf3 Nd3 24. Rxe8+ Rxe8 25. b3 Re2
26. Nd4 Rxf2+ 27. Kg1 c5 28. Nb5 g5 29. Rd1 Rf3 30. Kg2 Re3 31. Rd2 f5 32. Nd6
f4 33. Nf5 Ne1+ 34. Kf2 Re5 35. Rd8+ Kf7 36. Rd7+ Kg6 37. Ne7+ Kh5 38. gxf4
gxf4 39. c4 Kh4 40. Nd5 Nd3+ 41. Kf1 Re1+ 42. Kg2 Re2+ 43. Kf3 Ne5+ 44. Kxe2
Nxd7 45. Kf3 Kxh3 46. Nxf4+ Kh4 47. Nd5 Ne5+ 48. Ke4 Nd7 49. Nc3 h5 50. Nb5 a5
51. Kd5 b6 52. Nd6 Kg4 53. Kc6 Nb8+ 54. Kxb6 h4 {Scoresheet not clear} 1/2-1/2

[Event "2023 Mary Thomson Cup (Division A)"]
[Site "Woodvale, Perth WA AUS"]
[Date "2023.03.22"]
[Round "7"]
[White "Davoll, Josh"]
[Black "Saxon, Marc"]
[Result "0-1"]
[ECO "B55"]
[WhiteElo "1927"]
[BlackElo "1977"]
[PlyCount "74"]
[EventDate "2023.02.01"]
[EventType "tourn"]
[EventRounds "7"]
[EventCountry "AUS"]
[TimeControl "3600+30"]

1. e4 c5 2. Nf3 d6 3. d4 cxd4 4. Nxd4 Nf6 5. Bd3 g6 6. c4 Bg7 7. f3 Nc6 8. Nxc6
bxc6 9. Nc3 Qb6 10. Qe2 Rb8 11. Rb1 Nd7 12. Qc2 O-O 13. Na4 Qc7 14. O-O Ne5 15.
b3 c5 16. Nc3 e6 17. Bb2 Qa5 18. Na4 Nc6 19. Bxg7 Kxg7 20. Qc3+ Qxc3 21. Nxc3
Ba6 22. Rbd1 Nd4 23. Ne2 e5 24. f4 Bb7 25. Nxd4 exd4 26. Rde1 Rbe8 27. g4 Re7
28. f5 f6 29. Re2 Rfe8 30. Rfe1 Bc6 31. h4 a5 32. a4 Rb8 33. Rb1 Reb7 34. Ree1
Rxb3 35. Bc2 Rxb1 36. Rxb1 Rxb1+ 37. Bxb1 Bxa4 0-1

[Event "2023 Mary Thomson Cup (Division A)"]
[Site "Woodvale, Perth WA AUS"]
[Date "2023.03.22"]
[Round "7"]
[White "O'Shaughnessy, Dave"]
[Black "Lakner, Jay"]
[Result "0-1"]
[ECO "A04"]
[WhiteElo "1986"]
[BlackElo "2123"]
[PlyCount "68"]
[EventDate "2023.02.01"]
[EventType "tourn"]
[EventRounds "7"]
[EventCountry "AUS"]
[TimeControl "3600+30"]

1. Nf3 f5 2. d3 Nf6 3. e4 fxe4 4. dxe4 Nxe4 5. Bd3 Nf6 6. Ng5 g6 7. h4 d5 8. h5
gxh5 9. Nxh7 Kd7 10. Nxf6+ exf6 11. Bf5+ Kc6 12. Bxc8 Qxc8 13. Rh3 Bc5 14. Rc3
a5 15. Be3 b6 16. Qd4 Qe6 17. Na3 Kb7 18. Rxc5 bxc5 19. Qxc5 Qc6 20. Qd4 Na6
21. Rd1 Rad8 22. Rd3 Rhe8 23. Qa7+ Kc8 24. Rc3 Qb7 25. Qd4 Rd6 26. Rb3 Rb6 27.
Qf4 Rxb3 28. Qf5+ Kb8 29. axb3 d4 30. Qd7 Re4 31. Nb5 dxe3 32. Qd8+ Qc8 33. Qd5
exf2+ 34. Kxf2 Re5 0-1

[Event "2023 Mary Thomson Cup (Division A)"]
[Site "Woodvale, Perth WA AUS"]
[Date "2023.03.22"]
[Round "7"]
[White "Gibson, Jacob"]
[Black "Maggs, Derwent"]
[Result "0-1"]
[ECO "B12"]
[WhiteElo "1964"]
[BlackElo "2307"]
[PlyCount "89"]
[EventDate "2023.02.01"]
[EventType "tourn"]
[EventRounds "7"]
[EventCountry "AUS"]
[TimeControl "3600+30"]

1. e4 c6 2. d4 d5 3. f3 dxe4 4. fxe4 e5 5. Nf3 Bg4 6. c3 Nd7 7. Bc4 Bh5 8. O-O
Ngf6 9. Nbd2 Bd6 10. Qe1 O-O 11. Nh4 Qc7 12. Kh1 Rae8 13. h3 exd4 14. cxd4 Bg3
15. Qe3 Bxh4 16. e5 Nd5 17. Qe4 Bg5 18. Bxd5 cxd5 19. Qxd5 Nb6 20. Qb5 Rd8 21.
Nb3 Bxc1 22. Raxc1 Qd7 23. Qa5 Qa4 24. Rc5 Rd7 25. e6 Qxa5 26. Rxa5 Rd5 27.
Rxd5 Nxd5 28. Rf5 fxe6 29. Rxh5 Rf1+ 30. Kh2 Rf2 31. Re5 Rxb2 32. Kg3 Rxa2 33.
Nc5 b5 34. Nxe6 Nc3 35. Ng5 Kf8 36. Nxh7+ Kf7 37. Ng5+ Kf6 38. Nh7+ Kg6 39.
Nf8+ Kf7 40. Rf5+ Ke7 41. Kf3 b4 42. d5 Nxd5 43. Ng6+ Ke6 44. Re5+ Kd6 45. Kg4
0-1

[Event "2023 Mary Thomson Cup (Division A)"]
[Site "Woodvale, Perth WA AUS"]
[Date "2023.03.22"]
[Round "7"]
[White "Maris, Rob"]
[Black "Laubbacher, Jamie"]
[Result "1/2-1/2"]
[ECO "B32"]
[WhiteElo "2078"]
[BlackElo "2179"]
[PlyCount "79"]
[EventDate "2023.02.01"]
[EventType "tourn"]
[EventRounds "7"]
[EventCountry "AUS"]
[TimeControl "3600+30"]

1. c4 c5 2. Nf3 Nc6 3. d4 cxd4 4. Nxd4 e5 5. Nb5 d6 6. e4 Be6 7. Be3 Nf6 8.
N1c3 a6 9. Na3 g6 10. Qd2 Ng4 11. Nc2 Nxe3 12. Qxe3 Bg7 13. Nd5 Bxd5 14. cxd5
Nd4 15. Nxd4 exd4 16. Qd2 O-O 17. Bd3 Rc8 18. O-O Rc5 19. Rac1 b5 20. a4 Qb6
21. axb5 axb5 22. Qb4 Rfc8 23. Ra1 Qb7 24. g3 Ra8 25. Ra5 Rxa5 26. Qxa5 Bf6 27.
Ra1 Kg7 28. Kg2 b4 29. Qa6 Qc7 30. Ra4 Qb8 31. Qa7 Qxa7 32. Rxa7 g5 33. g4 Rc1
34. Kf3 Be5 35. Rb7 Bf4 36. Rxb4 Rd1 37. Rb3 Rd2 38. h3 h6 39. Bb5 Be5 40. Ba6
1/2-1/2

[Event "2023 Mary Thomson Cup (Division B)"]
[Site "Woodvale, Perth WA AUS"]
[Date "2023.03.22"]
[Round "7"]
[White "Clarke, Daniel"]
[Black "De Yaak, Peter"]
[Result "1-0"]
[WhiteElo "1854"]
[BlackElo "1892"]
[PlyCount "67"]
[EventDate "2023.02.01"]
[EventType "tourn"]
[EventRounds "7"]
[EventCountry "AUS"]
[TimeControl "3600+30"]

1. e4 c5 2. Nf3 Nc6 3. d4 cxd4 4. Nxd4 d6 5. Nc3 Nf6 6. Bc4 g6 7. Be3 Bg7 8. f3
Bd7 9. Qd2 Rc8 10. Bb3 Na5 11. O-O-O Nxb3+ 12. cxb3 Qa5 13. Kb1 a6 14. Bh6 O-O
15. Nd5 Nxd5 16. Qxa5 Bxh6 17. Qxd5 b5 18. Ne2 Rc7 19. g4 Rfc8 20. Qd3 a5 21.
Nc3 Rc5 22. Nd5 Kf8 23. Nxe7 Kxe7 24. Qxd6+ Ke8 25. Qxd7+ Kf8 26. Qd3 Kg8 27.
h4 Bf4 28. Qd4 Be5 29. Qd2 a4 30. h5 a3 31. bxa3 Bc3 32. Qd3 Be5 33. hxg6 hxg6
34. Rc1 1-0